AoeStats
← 凉拌皮蛋

Black Forest

503069479Analyzed
4v4 RM · 1mo ago on Aug 30, 2026· 22m 27s· 8 players
Game mode
Random Map
Map size
Large (8 player)
Population
200
Speed
Normal
Resources
Standard
Victory
Conquest
Starting age
Dark Age
Ending age
Imperial Age
RankedLock teamsTeams togetherTeam positionsShared explorationLock speedFull tech treeHidden civsTurbo modeCheats
Victory
Defeat
🇲🇽 Bengalis · Mexico
1548
+16
🇺🇸 Mongols · United States
1476
+19
🇦🇷 Lithuanians · Argentina
1453
+20
🇨🇴 Persians · Colombia
1235
+27
🇨🇳 Mongols · China
1623
-24
🇲🇽 Persians · Mexico
1530
-21
🇺🇸 Ethiopians · United States
1507
-20
🇨🇳 Hindustanis · China
1507
-20
凉拌皮蛋
1:25 Loom
11:40 Feudal Age
15:45 Castle Age
14:12 Double-Bit Axe
18:37 Town Watch
KaLong
1:19 Loom
16:39 Feudal Age
20:34 Castle Age
18:54 Horse Collar
19:04 Double-Bit Axe
19:06 Horse Collar
21:34 Bow Saw
21:28 Heavy Plow
第一滴血
10:15 Feudal Age
13:44 Castle Age
12:58 Double-Bit Axe
13:05 Horse Collar
18:24 Wheelbarrow
18:47 Loom
VX | Oblígame Perro!
11:28 Feudal Age
15:26 Castle Age
13:47 Double-Bit Axe
16:07 Bow Saw
19:03 Loom
20:39 Horse Collar
22:06 Scale Barding Armor
AttilathePun463
0:42 Loom
11:27 Feudal Age
12:49 Double-Bit Axe
13:48 Fletching
16:55 Wheelbarrow
24:29 Castle Age
IamAlPTremo
0:35 Loom
0:48 Loom
15:47 Feudal Age
16:26 Double-Bit Axe
19:11 Castle Age
17:17 Gold Mining
17:38 Horse Collar
20:19 Bow Saw
[Qin] Wang Jian
11:04 Feudal Age
14:47 Castle Age
12:44 Double-Bit Axe
13:00 Horse Collar
15:25 Bow Saw
15:19 Heavy Plow
17:48 Loom
18:02 Loom
18:04 Town Watch
18:59 Wheelbarrow
22:45 Forging
ArfGran
13:27 Feudal Age
11:45 Loom
17:27 Castle Age
15:22 Horse Collar
15:35 Gold Mining
15:34 Double-Bit Axe
16:33 Scale Barding Armor
16:49 Bloodlines
18:26 Forging
18:42 Husbandry
Connection lost

Rejoining the realm…

Still unreachable

The connection could not be restored.

Session expired

The server has moved on; the page needs a fresh start.